 Dungeon Crawl Stone Soup version 0.20-a0-971-g5896763 (webtiles) character file.

37436 LessRight the Warrior (level 13, -12/153 HPs)
             Began as an Ogre Transmuter on Apr 8, 2017.
             Was an Elder of Sif Muna.
             Mangled by a merfolk
             ... wielding a +0 trident
              (16 damage)
             ... on level 4 of the Lair of Beasts on Apr 9, 2017.
             The game lasted 02:23:56 (15083 turns).

LessRight the Warrior (Ogre Transmuter)            Turns: 15083, Time: 02:23:57

Health: -12/153    AC:  2    Str: 17    XL:     13   Next: 96%
Magic:  18/19      EV: 23    Int: 18    God:    Sif Muna [****..]
Gold:   1686       SH:  0    Dex: 14    Spells: 5/20 levels left

rFire    + + .     SeeInvis .     - Unarmed
rCold    + + +     Gourm    .   (shield currently unavailable)
rNeg     . . .     Faith    .   (armour currently unavailable)
rPois    .         Spirit   .   (helmet currently unavailable)
rElec    +         Reflect  .   (cloak currently unavailable)
rCorr    +         Harm     .   (gloves unavailable)
MR       +....     Clarity  +   (boots unavailable)
Stlth    +.........             m - amulet of regeneration
Regen    0.8/turn               r - ring "Role" {rElec rPois rF+ rC+}
MPRegen  0.2/turn               Q - ring of protection from cold

@: spider-form (expiring), resistant, mesmerised, hasted, very quick
A: unfitting armour, (large bone plates 0), clarity, (tough skin 0)
a: End Transformation, Divine Energy, Channel Magic, Forget Spell, Renounce
Religion


You were on level 4 of the Lair of Beasts.
You worshipped Sif Muna.
Sif Muna was greatly pleased with you.
You were not hungry.
You were a venomous arachnid creature.
You visited 3 branches of the dungeon, and saw 14 of its levels.
You also visited: Bailey and Ice Cave.

You collected 1686 gold pieces.

Inventory:

Hand Weapons
 w - a +1 blowgun
Missiles
 d - 32 tomahawks of returning (quivered)
 g - 5 javelins
 v - 60 poisoned needles
Armour
 x - a +0 troll leather armour
 Z - a +0 animal skin of cold resistance (melded)
Magical Staves
 s - an uncursed staff of energy (melded)
Jewellery
 a - an uncursed ring of resist corrosion {unknown}
 f - a +3 ring of strength
 m - an amulet of regeneration (around neck)
 r - the ring "Role" (left front leg) {rElec rPois rF+ rC+}
   (You found it on level 9 of the Dungeon)

   [ring of protection from cold]

   It protects you from fire.
   It protects you from cold.
   It insulates you from electricity.
   It protects you from poison.
 y - a cursed -5 ring of dexterity {unknown}
 P - an uncursed ring of ice {unknown}
 Q - a ring of protection from cold (right front leg)
 R - the amulet of the Air {Inacc +Fly rElec EV+5 RMsl}
   (You found it in an ice cave)

   [amulet of inaccuracy]

   It reduces the accuracy of all your attacks.
   It affects your evasion (+5).
   It insulates you from electricity.
   It lets you fly.
   It protects you from missiles.
 V - an uncursed amulet of magic regeneration {unknown}
Wands
 E - a wand of polymorph (15/24)
 K - a wand of flame (19/48)
 O - a wand of polymorph (6/24)
 T - a wand of paralysis (10/24)
 U - a wand of digging (9/24)
 Y - a wand of flame (12/48)
Scrolls
 e - 6 scrolls of teleportation {unknown}
 i - 9 scrolls of identify {unknown}
 k - 3 scrolls of amnesia {unknown}
 l - a scroll of fog
 t - 6 scrolls of remove curse {unknown}
 u - 5 scrolls of recharging {unknown}
 C - a scroll of fear {unknown}
 G - 5 scrolls of enchant armour {unknown}
 S - 2 scrolls of silence {unknown}
Potions
 c - 3 potions of flight
 h - 6 potions of curing
 j - 3 potions of heal wounds {unknown}
 n - a potion of magic {unknown}
 o - a potion of resistance
 p - 2 potions of brilliance {unknown}
 q - a potion of berserk rage {unknown}
 H - 3 potions of haste
 J - 2 potions of mutation
 L - 2 potions of lignification {unknown}
 M - 2 potions of might
 X - 3 potions of degeneration {unknown}
Books
 b - a Fen Folio

   Spells                             Type                      Level
   a - Corpse Rot                     Necromancy                   2
   b - Stone Arrow                    Conjuration/Earth            3
   c - Leda's Liquefaction            Hexes/Earth                  4
   d - Summon Forest                  Summoning/Translocation      5
   e - Hydra Form                     Transmutation                6
   f - Summon Hydra                   Summoning                    7
 B - a book of Ice

   Spells                             Type                      Level
   a - Ice Form                       Ice/Transmutation            4
   b - Metabolic Englaciation         Hexes/Ice                    5
   c - Ozocubu's Refrigeration        Ice                          6
   d - Bolt of Cold                   Conjuration/Ice              6
   e - Freezing Cloud                 Conjuration/Ice/Air          6
   f - Simulacrum                     Ice/Necromancy               6
Miscellaneous
 F - a lightning rod (4/4)
 N - a phial of floods (inert)
Comestibles
 z - 32 fruits
 A - 7 meat rations
 D - 2 royal jellies
 I - 10 chunks of flesh
 W - 10 bread rations


   Skills:
 - Level 16.2 Fighting
 - Level 5.6 Dodging
 - Level 13.2 Unarmed Combat
 - Level 4.0 Spellcasting
 - Level 2.0 Translocations
 + Level 9.9 Transmutations
 - Level 3.5 Ice Magic
 - Level 2.0 Poison Magic


You had 5 spell levels left.
You knew the following spells:

 Your Spells              Type           Power        Failure   Level  Hunger
a - Beastly Appendage     Tmut           #####.       3%          1    None
b - Spider Form           Tmut/Pois      ####......   14%         3    ###....
c - Blink                 Tloc           N/A          28%         2    ##.....
d - Ice Form              Ice/Tmut       ####....     28%         4    ####...
e - Blade Hands           Tmut           #####.....   24%         5    ######.


Dungeon Overview and Level Annotations

Branches:
Dungeon (9/15)             Temple (1/1) D:6            Lair (4/6) D:8
 Shoals (0/4) Lair:4       Spider (0/4) Lair:4
    Orc: D:9-12

Altars:
Ashenzari
Cheibriados
Dithmenos
Elyvilon
Fedhas
Gozag
Hepliaklqana
Kikubaaqudgha
Makhleb
Nemelex Xobeh
Okawaru
Qazlal
Ru
Sif Muna
Trog
Uskayaw
Vehumet
Wu Jian
Xom
Yredelemnul
Zin
The Shining One

Shops:
D:6 *([%(

Annotations:
D:2 1 runed door


Innate Abilities, Weirdness & Mutations

You are too large for most types of armour.
((You have tough skin. (AC +1)))
((You are partially covered in large bone plates. (SH +4)))
You possess an exceptional clarity of mind.


Message History

The merfolk barely misses you.
You feel yourself speed up. The merfolk barely misses you.
The merfolk siren chants its luring song.
Your water elemental hits the merfolk siren.
You hit the merfolk.
The merfolk looks as sick as possible!
The merfolk is almost dead.
The merfolk hits you with a trident!
* * * LOW HITPOINT WARNING * * *
It was a potion of mutation.
You feel extremely strange.
Large bone plates grow over parts of your arms.
Your thoughts seem clearer.
The merfolk barely misses you.
The merfolk siren chants its luring song.
Your water elemental hits the merfolk siren!
The merfolk hits you with a trident!!
* * * LOW HITPOINT WARNING * * *
It was a potion of resistance.
You feel protected. The merfolk hits you with a trident!
You die...

## # ## ####.##.#
#.##### #........ ##
####..#.#######........
..
#.........##.##.$......
.
........+...###...>....
.........##sm##........
........####mmE≈.###..!
...(....# #≈≈≈#≈..#
#..##+..# #####.≈.# ##
#..[# #≈..# #.### ≈≈.#
#..# #≈#.# +.#### m>.#
#'#P.# #


You could see 2 merfolk, a merfolk siren and a friendly water elemental.

Vanquished Creatures
  A sphinx (D:9)
  A frost giant (IceCv)
  A very ugly thing (D:9)
  An ettin (D:9)
  The ghost of lordive the Basher, a journeyman GrFi of Okawaru (IceCv)
  A catoblepas (Lair:2)
  3 two-headed ogres
  2 death yaks (IceCv)
  A flayed ghost (D:9)
  An orc knight (Bailey)
  An orc sorcerer (D:9)
  2 ugly things (D:9)
  2 deep elf magi (D:9)
  5 elephants (Lair:3)
  An ice statue (IceCv)
  7 spiny frogs
  A kobold demonologist (D:9)
  5 komodo dragons
  A rime drake (Lair:4)
  15 polar bears
  Prince Ribbit (D:9)
  5 blink frogs (Lair:4)
  4 hippogriffs
  A human (D:3)
  Eustachio (D:5)
  35 yaks
  A wyvern (Lair:1)
  A steam dragon (D:9)
  A vampire mosquito (D:9)
  2 basilisks (Lair:2)
  7 water moccasins
  2 porcupines
  11 ice beasts
  7 orc warriors
  3 phantoms
  5 ogres
  28 wolves
  3 centaurs
  2 big kobolds
  9 crocodiles
  9 bullfrogs
  A wyvern skeleton (D:9)
  3 scorpions
  An electric eel (Lair:4)
  4 crimson imps
  4 howler monkeys
  A bullfrog zombie (D:6)
  4 jellies
  5 hounds
  6 orc priests
  Terence (D:2)
  A gnoll shaman (D:6)
  2 orc wizards (D:8)
  2 centaur skeletons (D:9)
  A human skeleton (D:3)
  6 worker ants
  Natasha (twice) (D:4)
  A hound skeleton (D:4)
  A worker ant zombie (D:8)
  A howler monkey zombie (D:7)
  9 gnolls
  8 adders
  3 shadow imps
  3 oozes
  4 worms
  An adder skeleton (D:7)
  4 dart slugs
  4 leopard geckos
  19 orcs
  A ball python (D:7)
  7 bats
  8 giant cockroaches
  11 goblins
  8 hobgoblins
  6 quokkas
  4 frilled lizards
  A giant cockroach zombie (D:6)
  A jackal zombie (D:5)
  21 kobolds
  9 rats
370 creatures vanquished.

Vanquished Creatures (others)
  4 polar bears (IceCv)
  4 fungi
  A plant (Lair:2)
9 creatures vanquished.

Grand Total: 379 creatures vanquished

Notes
Turn   | Place    | Note
-------+----------+-------------------------------------------
     0 | D:1      | LessRight the Ogre Transmuter began the quest for the Orb.
     0 | D:1      | Reached XP level 1. HP: 19/19 MP: 3/3
   276 | D:1      | Reached XP level 2. HP: 23/27 MP: 3/5
   793 | D:1      | Reached XP level 3. HP: 35/35 MP: 4/6
   933 | D:1      | Reached skill level 2 in Fighting
  1148 | D:2      | Noticed Terence
  1306 | D:2      | Killed Terence
  1306 | D:2      | Reached skill level 3 in Fighting
  1306 | D:2      | Reached XP level 4. HP: 25/45 MP: 4/7
  1416 | D:2      | Found a runed door.
  1596 | D:2      | Found a shattered altar of Ashenzari.
  1994 | D:3      | Reached skill level 4 in Fighting
  2046 | D:3      | Noticed a human
  2047 | D:3      | Found a runed door.
  2048 | D:3      | Found a basalt altar of Yredelemnul.
  2092 | D:3      | Killed a human
  2092 | D:3      | Reached skill level 6 in Fighting
  2092 | D:3      | Reached XP level 5. HP: 47/61 MP: 8/8
  2092 | D:3      | Reached XP level 6. HP: 52/68 MP: 9/9
  2115 | D:3      | Reached skill level 7 in Fighting
  2134 | D:3      | Learned a level 3 spell: Spider Form
  2337 | D:3      | Reached skill level 1 in Poison Magic
  2414 | D:3      | Found a bloodstained altar of Trog.
  2421 | D:3      | Found a glowing silver altar of Zin.
  2426 | D:3      | Found a sparkling altar of Nemelex Xobeh.
  2433 | D:3      | Found a snail-covered altar of Cheibriados.
  2438 | D:3      | Found a hide-covered altar of Uskayaw.
  2442 | D:3      | Found an opulent altar of Gozag.
  2447 | D:3      | Found a hazy altar of Hepliaklqana.
  2998 | D:4      | Noticed Natasha
  3002 | D:4      | Killed Natasha
  3008 | D:4      | Noticed a phantom
  3057 | D:4      | Killed a phantom
  3057 | D:4      | Reached XP level 7. HP: 57/78 MP: 8/10
  3330 | D:4      | Found a burning altar of Makhleb.
  3331 | D:4      | Found a shimmering altar of Xom.
  3543 | D:4      | Noticed Natasha
  3551 | D:4      | Killed Natasha
  3786 | D:5      | Entered Level 5 of the Dungeon
  4019 | D:5      | Reached skill level 5 in Unarmed Combat
  4061 | D:5      | Reached XP level 8. HP: 87/87 MP: 7/11
  4270 | D:5      | Reached skill level 8 in Fighting
  4418 | D:5      | Noticed Eustachio
  4431 | D:5      | Killed Eustachio
  4569 | D:6      | Found a staircase to the Ecumenical Temple.
  4618 | D:6      | Found Miqil's Assorted Antiques.
  4625 | Temple   | Entered the Ecumenical Temple
  4667 | Temple   | Became a worshipper of Sif Muna the Loreminder
  4859 | D:6      | Found Ywky's Food Shop.
  4882 | D:6      | Found Game's Weapon Shoppe.
  4993 | D:6      | Found Beylug's Weapon Shoppe.
  5017 | D:6      | Found Coyhonn's Armour Emporium.
  5338 | D:7      | Reached skill level 5 in Transmutations
  5361 | D:7      | Found a blossoming altar of Fedhas.
  5391 | D:7      | Reached XP level 9. HP: 85/96 MP: 6/14
  5465 | D:7      | Found a flagged portal.
  5488 | Bailey   | Entered a bailey
  5521 | Bailey   | Reached * piety under Sif Muna
  5548 | Bailey   | Noticed an orc knight
  5583 | Bailey   | Killed an orc knight
  6011 | D:7      | Found a basalt altar of Yredelemnul.
  6343 | D:8      | Found a staircase to the Lair.
  6505 | D:8      | Noticed a two-headed ogre
  6505 | D:8      | Noticed a two-headed ogre
  6522 | D:8      | Killed a two-headed ogre
  6522 | D:8      | Reached XP level 10. HP: 74/104 MP: 14/16
  6560 | D:8      | Killed a two-headed ogre
  6560 | D:8      | Reached skill level 10 in Unarmed Combat
  7380 | D:8      | Found an ornate altar of the Wu Jian Council.
  7622 | D:9      | Noticed an orc sorcerer
  7623 | D:9      | Noticed a deep elf mage
  7624 | D:9      | Noticed a deep elf mage
  7633 | D:9      | Killed an orc sorcerer
  7635 | D:9      | Killed a deep elf mage
  7638 | D:9      | Killed a deep elf mage
  7638 | D:9      | Reached skill level 9 in Fighting
  7645 | D:9      | Got a twitching bone ring
  7647 | D:9      | Identified the ring "Role" {rElec rPois rF+ rC+} (You found it on level 9 of the Dungeon)
  7663 | D:9      | Noticed Prince Ribbit
  7672 | D:9      | Killed Prince Ribbit
  7846 | D:9      | Noticed a sphinx
  7863 | D:9      | Killed a sphinx
  7863 | D:9      | Reached XP level 11. HP: 48/115 MP: 12/17
  8122 | D:9      | Noticed a white ugly thing
  8123 | D:9      | Noticed a purple ugly thing
  8142 | D:9      | Killed a purple ugly thing
  8148 | D:9      | Killed a purple ugly thing
  8950 | D:9      | Noticed a two-headed ogre
  8982 | D:9      | Killed a two-headed ogre
  8982 | D:9      | Reached skill level 10 in Fighting
  9016 | D:9      | Noticed a fire crab
  9016 | D:9      | Noticed a red very ugly thing
  9016 | D:9      | Noticed a yaktaur captain
  9016 | D:9      | Noticed a flayed ghost
  9016 | D:9      | Noticed a yaktaur captain
  9033 | D:9      | Killed a flayed ghost
  9050 | D:9      | Killed a red very ugly thing
  9050 | D:9      | Reached skill level 11 in Fighting
  9055 | D:9      | Noticed a fire giant
  9629 | D:9      | Noticed an ettin
  9667 | D:9      | Killed an ettin
  9667 | D:9      | Reached skill level 12 in Fighting
  9667 | D:9      | Reached XP level 12. HP: 99/132 MP: 14/18
  9942 | Lair:1   | Entered Level 1 of the Lair of Beasts
  9946 | Lair:1   | Reached skill level 5 in Dodging
 10032 | D:8      | Learned a level 2 spell: Blink
 10590 | Lair:2   | Reached ** piety under Sif Muna
 10607 | Lair:2   | Found a frozen archway.
 10625 | Lair:2   | Reached skill level 1 in Translocations
 10690 | IceCv    | Entered an ice cave
 10977 | IceCv    | Reached skill level 13 in Fighting
 10998 | IceCv    | Learned a level 4 spell: Ice Form
 11146 | IceCv    | Noticed a death yak
 11146 | IceCv    | Noticed a death yak
 11176 | IceCv    | Killed a death yak
 11187 | IceCv    | Killed a death yak
 11369 | IceCv    | Reached *** piety under Sif Muna
 11632 | IceCv    | Noticed lordive's ghost (journeyman GrFi)
 11709 | IceCv    | Killed lordive's ghost
 11709 | IceCv    | Reached XP level 13. HP: 38/144 MP: 15/19
 11801 | IceCv    | Learned a level 5 spell: Blade Hands
 11898 | IceCv    | Noticed a frost giant
 11904 | IceCv    | Killed a frost giant
 11904 | IceCv    | Reached **** piety under Sif Muna
 12500 | Lair:1   | Reached skill level 14 in Fighting
 13505 | Lair:2   | Reached skill level 15 in Fighting
 14183 | Lair:3   | Reached skill level 16 in Fighting
 14848 | Lair:4   | Found a hole to the Spider Nest.
 15061 | Lair:4   | Found a staircase to the Shoals.
 15082 | Lair:4   | Gained mutation: You are partially covered in large bone plates. (SH +4) [potion of mutation]
 15082 | Lair:4   | Gained mutation: You possess an exceptional clarity of mind. [potion of mutation]
 15082 | Lair:4   | HP: 4/153 [merfolk/trident (20)]
 15083 | Lair:4   | Mangled by a merfolk

Vault maps used:
D:1:      minmay_arrival_floating_metal, nrook_loot_triangle
D:2:      evilmike_ruin_ashenzari, uniq_crazy_yiuf_cottage, uniq_terence
D:3:      wad_lake_hut, grunt_temple_overflow_octagram, first_bread,
          dk_yredelemnul_ordeal
D:4:      grunt_temple_overflow_champion_of_chaos, minivault_5, uniq_natasha
D:5:      cheibrodos_helix_gallery, uniq_eustachio
D:6:      temple_fountains, serial_shops, shop, shop, nicolae_shop_stone,
          nicolae_shop_behind_doors, kennysheep_mini_moat, grunt_decor_arrowhead
D:7:      lemuel_doored_altar, basic_altar, enter_bailey_3
D:8:      nicolae_overflow_hidden_temple, lair_entry_dummy, blue_anna_alchemist
D:9:      minmay_the_grid_4x2, uniq_prince_ribbit1
Temple:   jpeg_temple_clearing
Lair:1:   grunt_megastairs_2
Lair:2:   portal_ice_cave_entry_ice_beasts
Lair:3:   grunt_megastairs_5
Lair:4:   elwin_shoals_entry_stream, nicolae_spider_entry_non_spiders,
          st_stairs_12, zaba_anthole, hangedman_lair_unloving_vines,
          small_statue_intersection, lookout_lair_type
Bailey:   bailey_axe_4, bailey
IceCv:    ice_cave_caverns_03

Skill      XL: |  1  2  3  4  5  6  7  8  9 10 11 12 13 |
---------------+----------------------------------------+-----
Transmutations | 2 3 4 5 8 9 |  9.9
Fighting       | 3 6 7 8 9 12 13 16 | 16.2
Poison Magic   | 2 |  2.0
Unarmed Combat | 5 6 9 12 13 | 13.2
Dodging        | 3 4 5 |  5.6
Spellcasting   | 3 4 |  4.0
Translocations | 2 |  2.0
Ice Magic      | 3 |  3.5

Action                   |  1- 3 |  4- 6 |  7- 9 | 10-12 | 13-15 || total
-------------------------+-------+-------+-------+-------+-------++-------
Melee: Dagger            |   140 |       |       |       |       ||   140
       Unarmed           |     8 |    18 |   280 |   468 |   239 ||  1013
       Kick              |    22 |     4 |     3 |       |       ||    29
       Headbutt          |     9 |    10 |     5 |       |       ||    24
       Quarterstaff      |       |   144 |    57 |       |       ||   201
       Spear             |       |     4 |       |       |       ||     4
       Punch             |       |       |       |     1 |     9 ||    10
       Staff             |       |       |       |     1 |     1 ||     2
 Fire: Blowgun           |       |       |       |     1 |       ||     1
Throw: Tomahawk          |       |       |     4 |       |       ||     4
 Cast: Beastly Appendage |    17 |    13 |     8 |       |       ||    38
       Spider Form       |       |     2 |    31 |    41 |     2 ||    76
       Ice Form          |       |       |       |     5 |     2 ||     7
       Blade Hands       |       |       |       |       |    31 ||    31
 Abil: End Transformatio |       |       |       |     1 |       ||     1
Evoke: Phial of floods   |       |       |       |       |     1 ||     1
  Use: Potion            |       |       |     1 |     5 |     3 ||     9
       Scroll            |       |       |       |     3 |     3 ||     6
 Stab: Sleeping          |     2 |     1 |       |       |     1 ||     4
  Eat: Chunk             |     1 |     7 |    15 |    18 |    12 ||    53
Armor: Robe              |    55 |    40 |    16 |     8 |       ||   119
       Skin              |       |     2 |    10 |    36 |     7 ||    55
       Animal skin       |       |       |       |       |     5 ||     5
Dodge: Dodged            |    88 |    84 |   214 |   314 |    73 ||   773
